Map: Backwater LE

Players

Cellsidus - Winner!

  • Race: Zerg Zerg
  • League: Diamond
  • Spawn Location: 5:00

raul

  • Race: Zerg Zerg
  • League: Diamond
  • Spawn Location: 11:00

VOD

Have the link to the VOD?

Description

Time

  • Played on: March 2, 2018, 8:57 a.m.
  • Length: 26:17
Show
View Real Time Build Order
Export as new Build Order

Cellsidus Zerg - Winner!

Build Orders: Hatch First, Lurkers 

Get SALT Encoding   

  12  0:01  Drone  
  13  0:12  Overlord  
  13  0:19  Drone  
  14  0:30  Drone x2  
  14  0:34  Drone  
  17  0:53  Hatchery  
  17  0:56  Drone  
  17  1:00  Drone  
  18  1:09  Extractor  
  17  1:15  Spawning Pool  
  17  1:17  Drone  
  17  1:20  Drone  
  18  1:28  Drone  
  19  1:40  Overlord  
  19  2:02  Zergling x4  
  19  2:05  Queen x2  
  19  2:06  Zergling x2  
  26  2:09  Metabolic Boost  
  26  2:12  Drone  
  27  2:23  Drone x2  
  29  2:42  Hatchery  
  29  2:43  Drone  
  29  2:45  Drone  
  29  2:51  Overlord  
  30  3:03  Drone x4  
  32  3:16  Overlord x2  
  31  3:24  Roach Warren  
  31  3:26  Extractor  
  29  3:27  Extractor  
  29  3:30  Drone x2  
  29  3:32  Drone  
  31  3:34  Drone  
  31  3:36  Drone  
  31  3:39  Drone  
  35  3:41  Drone  
  35  3:49  Drone x3  
  39  3:55  Drone x2  
  39  3:56  Drone  
  41  4:03  Queen  
  41  4:06  Drone x2  
  41  4:08  Drone  
  46  4:10  Drone  
  47  4:26  Roach  
  47  4:27  Roach x5  
  59  4:34  Evolution Chamber  
  59  4:35  Lair  
  59  4:38  Drone  
  59  4:41  Drone x3  
  59  4:45  Overlord  
  62  4:48  Overlord  
  62  4:52  Overlord  
  62  4:59  Zerg Missile Weapons Level 1  
  62  5:02  Roach x2  
  62  5:03  Roach  
  62  5:05  Roach  
  70  5:09  Roach  
  70  5:10  Roach  
  74  5:18  Roach x2  
  74  5:19  Roach x2  
  82  5:27  Roach x3  
  82  5:28  Roach  
  90  5:31  Glial Reconstitution  
  90  5:36  Overlord  
  90  5:37  Overlord  
  90  5:40  Overlord  
  90  5:57  Unknown, Roach x3  
  90  5:58  Roach x5  
  90  6:02  Overlord  
  106  6:13  Roach x4  
  114  6:23  Ravager  
  114  6:24  Ravager x3  
  118  6:25  Overlord x2  
  118  6:26  Overlord  
  118  6:36  Drone x2  
  118  6:37  Overlord x3, Drone x2  
  122  6:50  Zergling x2  
  122  6:51  Zergling x12  
  129  7:04  Zergling x4  
  129  7:05  Zergling x4  
  129  7:07  Roach x4  
  129  7:08  Roach x2  
  145  7:10  Roach  
  123  7:33  Roach x5  
  123  7:34  Roach x3  
  115  7:46  Roach x5  
  116  7:55  Zergling x4  
  112  8:09  Roach  
  112  8:10  Roach x4  
  109  8:24  Roach  
  109  8:25  Roach x2  
  109  8:38  Roach x4  
  111  8:43  Roach x2  
  109  8:54  Zerg Ground Armor Level 1  
  105  8:58  Roach x2  
  105  8:59  Roach  
  103  9:13  Roach x5  
  110  9:22  Roach x3  
  110  9:23  Roach x2  
  108  9:36  Roach x6  
  108  9:37  Roach x2  
  115  9:44  Zergling x2  
  115  9:45  Zergling x6  
  112  9:49  Roach x2  
  112  9:51  Ravager  
  112  9:52  Zergling x4  
  119  9:53  Zergling x2  
  116  10:12  Evolution Chamber  
  111  10:17  Roach x2  
  111  10:18  Roach x8  
  125  10:50  Roach x6  
  125  10:51  Roach x4  
  125  10:52  Roach  
  144  11:08  Drone, Hydralisk Den  
  144  11:09  Drone x2  
  146  11:13  Extractor  
  146  11:14  Drone x2  
  146  11:15  Drone x3  
  146  11:16  Drone  
  146  11:17  Drone  
  152  11:27  Hatchery  
  127  11:39  Roach x6  
  121  11:40  Roach x2  
  121  11:41  Zergling x2  
  121  11:42  Zergling x10  
  115  11:54  Extractor  
  114  12:01  Zerg Missile Weapons Level 2  
  114  12:05  Zerg Ground Armor Level 2  
  114  12:19  Extractor, Drone x3  
  114  12:20  Drone x3  
  119  12:23  Lurker Den  
  118  12:48  Grooved Spines  
  118  12:50  Hydralisk x6  
  118  12:51  Hydralisk  
  130  12:57  Overseer  
  132  13:03  Extractor, Drone x3  
  132  13:04  Drone x3  
  132  13:05  Extractor  
  136  13:10  Drone  
  136  13:11  Drone x5  
  142  13:37  Hydralisk  
  142  13:38  Hydralisk x7  
  142  13:39  Hydralisk  
  160  13:41  Overlord x3  
  160  13:42  Overlord  
  160  14:02  Muscular Augments  
  160  14:05  Lurker  
  160  14:06  Lurker x6  
  160  14:08  Roach  
  160  14:09  Roach x6  
  181  14:11  Zergling x2  
  181  14:12  Zergling x20  
  192  14:40  Overlord x2  
  192  14:50  Zerg Melee Weapons Level 1  
  192  14:54  Infestation Pit  
  191  15:14  Hydralisk x3  
  164  15:15  Hydralisk x15  
  164  15:20  Lurker x4  
  195  15:31  Roach x2  
  199  15:42  Lurker  
  186  15:44  Lurker x4, Hydralisk x2  
  186  15:45  Hydralisk x2  
  181  16:42  Hydralisk x5  
  176  16:55  Hive, Spire  
  176  16:57  Zerg Melee Weapons Level 2  
  175  17:07  Lurker  
  175  17:08  Lurker x8  
  184  17:11  Hydralisk  
  184  17:13  Zergling x2  
  184  17:14  Zergling x24  
  184  17:15  Zergling x6  
  177  17:29  Zergling x4, Hydralisk x4  
  166  17:30  Roach x3, Zergling x6  
  166  17:31  Roach  
  155  17:45  Roach, Zergling x2, Hydralisk x2  
  96  18:18  Hydralisk x3  
  96  18:19  Hydralisk  
  102  18:20  Hydralisk x7  
  102  18:21  Hydralisk  
  102  18:25  Lurker x4  
  102  18:26  Lurker x2  
  126  18:45  Greater Spire  
  126  19:01  Hatchery  
  125  19:10  Hydralisk x2  
  125  19:11  Zergling x6, Hydralisk x6  
  125  19:12  Zergling x8, Hydralisk  
  149  19:53  Extractor x2  
  149  19:54  Corruptor x3  
  149  19:55  Corruptor  
  155  20:01  Zergling x2  
  155  20:02  Zergling x18  
  165  20:12  Hatchery  
  165  20:13  Queen  
  166  20:27  Brood Lord x3  
  166  20:51  Brood Lord  
  158  21:07  Hydralisk x2  
  158  21:08  Zergling x8, Hydralisk x4  
  158  21:09  Zergling x2  
  155  21:25  Zergling x2, Hydralisk x4  
  124  21:26  Zergling x12, Hydralisk x2  
  124  21:27  Zergling x4  
  119  21:37  Hydralisk  
  119  21:38  Zergling x8, Hydralisk x2  
  119  21:39  Zergling x2  
  104  21:57  Hydralisk  
  104  21:58  Zergling x8, Hydralisk x3  
  104  21:59  Zergling x2  
  113  22:13  Zergling x2, Hydralisk x4  
  113  22:14  Zergling x8  
  126  22:17  Hatchery  
  124  22:32  Zergling x4, Hydralisk x3  
  124  22:33  Zergling x4  
  134  22:51  Zergling x6  
  134  22:52  Zergling x8  
  134  22:57  Lurker x3  
  138  23:35  Zergling x14  
  138  23:36  Zergling x18  
  138  23:38  Hatchery  
  141  23:54  Hydralisk x2  
  141  23:55  Zergling x6, Hydralisk  
  123  24:52  Hydralisk  
  123  24:53  Zergling x2, Hydralisk x3  
  123  24:54  Hydralisk x3  
  127  25:16  Zergling x2, Hydralisk  
Show
View Real Time Build Order
Export as new Build Order

raul Zerg 

Build Orders: Hatch First 

Get SALT Encoding   

  12  0:00  Drone  
  13  0:13  Overlord  
  13  0:17  Drone  
  14  0:31  Drone x2  
  14  0:35  Drone  
  17  0:54  Hatchery  
  17  0:56  Drone  
  17  0:59  Drone  
  18  1:11  Extractor  
  17  1:15  Spawning Pool  
  17  1:18  Drone  
  17  1:21  Drone  
  18  1:28  Drone  
  19  1:40  Overlord  
  19  1:52  Drone  
  20  2:02  Drone  
  21  2:09  Queen  
  21  2:11  Queen  
  21  2:13  Drone x2  
  21  2:14  Metabolic Boost  
  27  2:24  Drone x2  
  29  2:30  Zergling x2  
  29  2:34  Baneling Nest  
  29  2:36  Overlord  
  29  2:41  Zergling x2  
  30  2:54  Zergling x4  
  30  3:18  Drone x5  
  35  3:23  Drone x6  
  41  3:32  Hatchery  
  41  3:33  Roach Warren  
  39  3:40  Drone x3  
  42  3:44  Extractor  
  42  3:48  Baneling x2  
  41  3:51  Queen  
  41  3:53  Overlord  
  41  3:54  Overlord  
  43  4:01  Lair  
  43  4:17  Drone  
  43  4:18  Drone x2  
  46  4:28  Drone x4  
  46  4:29  Drone  
  51  4:33  Extractor  
  51  4:36  Overlord x2  
  51  4:37  Overlord  
  50  4:42  Drone x2  
  50  4:45  Drone x4  
  56  4:54  Drone  
  56  4:56  Drone x2  
  59  5:01  Glial Reconstitution  
  59  5:06  Roach x5  
  69  5:14  Overlord, Evolution Chamber  
  68  5:15  Drone x3  
  68  5:16  Extractor, Evolution Chamber  
  69  5:24  Drone  
  69  5:25  Drone x2  
  69  5:27  Overlord x2  
  72  5:34  Overseer  
  72  5:41  Roach x5  
  82  5:46  Roach x3  
  88  5:59  Overlord  
  88  6:00  Overlord  
  88  6:03  Zerg Missile Weapons Level 1  
  88  6:04  Zerg Ground Armor Level 1  
  88  6:20  Roach x11  
  110  6:31  Overlord x3  
  110  6:33  Extractor x2  
  108  6:44  Roach x6  
  120  7:00  Roach x11  
  138  7:16  Roach x3  
  110  7:35  Roach x3  
  110  7:36  Roach x7  
  102  7:49  Roach  
  102  7:50  Roach x4  
  92  8:05  Roach x6  
  82  8:16  Roach  
  82  8:17  Roach x2  
  80  8:25  Roach x2  
  77  8:38  Roach  
  77  8:39  Roach x3  
  77  8:43  Roach x6  
  79  8:55  Roach  
  79  8:56  Roach x2  
  75  9:09  Roach  
  83  9:10  Roach x7  
  66  9:31  Roach x5  
  66  9:32  Roach x2  
  68  9:44  Roach x6  
  78  9:53  Roach  
  78  9:54  Roach x3  
  78  9:57  Spawning Pool  
  85  10:00  Roach  
  87  10:29  Roach x10  
  87  10:30  Roach  
  108  10:56  Roach x8  
  124  10:58  Queen  
  124  10:59  Queen  
  124  11:03  Roach x2  
  132  11:12  Roach  
  132  11:13  Roach x3  
  132  11:14  Overlord  
  132  11:15  Overlord  
  96  11:41  Roach  
  96  11:42  Roach x8  
  98  11:51  Ravager x5  
  103  11:55  Drone x4  
  103  11:56  Drone  
  108  12:06  Roach x2  
  112  12:14  Roach  
  112  12:15  Roach x2  
  118  12:18  Roach  
  118  12:21  Roach  
  122  12:32  Zerg Missile Weapons Level 2  
  122  12:57  Roach x7  
  136  13:14  Roach x6  
  148  13:22  Unknown  
  148  13:37  Zerg Ground Armor Level 2  
  148  13:42  Roach x3  
  148  13:43  Roach x3  
  160  13:54  Drone x2  
  162  13:57  Overlord x4  
  162  13:58  Overlord  
  162  14:17  Roach  
  162  14:18  Roach x8  
  180  14:35  Roach x2  
  180  14:36  Hatchery  
  183  14:42  Ravager x4  
  183  14:43  Ravager x3  
  190  14:57  Roach x5  
  170  15:41  Ravager x6  
  170  15:42  Ravager x2  
  154  15:54  Roach x7  
  166  16:19  Ravager x4  
  166  16:22  Overseer  
  170  16:51  Roach  
  170  16:52  Roach x14  
  85  18:08  Roach  
  85  18:09  Roach x24  
  85  18:10  Roach x5  
  137  18:22  Extractor, Drone x2  
  137  18:23  Extractor, Drone  
  137  18:25  Drone x2  
  137  18:26  Drone  
  141  18:32  Extractor  
  140  18:36  Ravager x7  
  140  18:37  Ravager  
  148  18:45  Queen  
  150  18:50  Roach  
  150  18:51  Roach x5  
  162  19:02  Roach  
  168  19:03  Roach x3  
  168  19:09  Overseer  
  170  19:17  Spine Crawler  
  169  19:32  Ravager x7  
  169  19:33  Ravager  
  177  19:44  Roach x3  
  183  19:52  Roach x2  
  187  19:57  Roach  
  189  20:05  Overseer x2  
  189  20:09  Roach x2  
  189  20:12  Roach  
  87  21:51  Roach x15  
  87  21:52  Roach x12  
  104  22:16  Roach  
  104  22:17  Roach x5  
  116  22:23  Ravager x5  
  116  22:24  Ravager  
  116  22:26  Ravager x2  
  116  22:28  Overseer  
  124  22:35  Roach  
  124  22:36  Roach  
  128  22:53  Roach x5  
  138  23:14  Hatchery  
  135  23:28  Ravager x2  
  135  23:29  Ravager x20  
  130  24:03  Roach  
  130  24:04  Roach x10  
  147  24:23  Roach x2  
  147  24:24  Roach x4  
  152  24:43  Roach x6  
  152  24:44  Roach  
Tags
 
Composition
Lurkers
Matchup
ZvZ
Race
Zerg
Spawn Locations
Cross Positions
Add a new tag
Caveats
  • Supply blocks, unpowered buildings, or Contaminate may cause inaccurate times.
  • Supply counts are checked every 10 seconds.